 Dungeon Crawl Stone Soup version 0.30.0-20-g3b4254fcbd (webtiles) character file.

Game seed: 15395459385593786922

316 Irreverend the Shooter (level 6, -14/52 HPs)
             Began as a Minotaur Hunter on June 3, 2023.
             Demolished by an ogre
             ... wielding a +0 giant club
              (20 damage)
             ... on level 4 of the Dungeon.
             The game lasted 00:05:16 (3057 turns).

Irreverend the Shooter (Minotaur Hunter)            Turns: 3057, Time: 00:05:17

Health: -14/52     AC:  4    Str: 15    XL:     6   Next: 20%
Magic:  5/5        EV: 13    Int:  6    God:
Gold:   114        SH:  0    Dex: 16    Spells: 5/5 levels left

rFire   . . .        a - +0 shortbow
rCold   . . .        (shield currently unavailable)
rNeg    . . .        c - +0 leather armour
rPois   .            (helmet restricted)
rElec   .            r - scarf {repulsion}
rCorr   .            (no gloves)
SInv    .            i - +0 pair of boots
Will    .....        (no amulet)
Stlth   +            (no ring)
HPRegen 0.28/turn    (no ring)
MPRegen 0.09/turn

%: repel missiles
@: no status effects
A: horns 2, retaliatory headbutt
a: no special abilities


You were on level 4 of the Dungeon.
You visited 1 branch of the dungeon, and saw 4 of its levels.

You collected 114 gold pieces.

Inventory:

Hand Weapons
 a - a +0 shortbow (weapon)
Armour
 c - a +0 leather armour (worn)
 d - a scarf of shadows
 i - a +0 pair of boots (worn)
 r - a scarf of repulsion (worn)
Scrolls
 b - a scroll of immolation
 e - 2 scrolls of enchant weapon {unknown}
 f - 8 scrolls of identify {unknown}
 g - a scroll of poison {unknown}
 h - 4 scrolls of teleportation {unknown}
 j - a scroll of fog {unknown}
 k - a scroll of blinking {unknown}
 n - a scroll of silence {unknown}
 p - a scroll of brand weapon {unknown}
 s - a scroll of butterflies {unknown}
Potions
 l - a potion of might {unknown}
 m - a potion of haste {unknown}
 o - a potion of degeneration {unknown}
 q - 2 potions of curing
 t - 2 potions of flight {unknown}


   Skills:
 + Level 4.1 Fighting
 * Level 6.2 Ranged Weapons
 + Level 3.0 Armour
 + Level 3.7 Dodging
 - Level 0.7 Stealth


You had 5 spell levels left.
You didn't know any spells.
Your spell library contained the following spells:

 Spells                   Type           Power      Damage    Failure   Level
 Magic Dart               Conj           0%         1d3       52%         1
 Summon Small Mammal      Summ           0%         N/A       52%         1
 Searing Ray              Conj           0%         2d4       67%         2
 Call Canine Familiar     Summ           0%         N/A       88%         3
 Portal Projectile        Hex/Tloc       0%         N/A       88%         3
 Summon Guardian Golem    Hex/Summ       0%         N/A       88%         3
 Tukima's Dance           Hex            0%         N/A       88%         3
 Fulminant Prism          Conj/Hex       0%         3d5       99%         4
 Blade Hands              Tmut           0%         N/A       100%        5


Dungeon Overview and Level Annotations

Branches:
Dungeon (4/15)
 Temple: D:4-7

Altars:
Sif Muna

Annotations:
D:2 1 runed translucent door, Crazy Yiuf


Innate Abilities, Weirdness & Mutations

You have a pair of horns on your head.
You reflexively headbutt those who attack you in melee.


Message History

No target in view!
No target in view!
You start resting.
HP restored.
f - 8 scrolls labelled GIWIURGHO ZIEPS (gained 1)
An ogre comes into view. It is wielding a +0 giant club.
The ogre shouts!
You shoot an arrow. The arrow completely misses the ogre.
You shoot an arrow.
The arrow hits the ogre but does no damage.
You shoot an arrow. The arrow hits the ogre.
The ogre is lightly wounded.
You shoot an arrow. The arrow hits the ogre.
The ogre is lightly wounded.
You shoot an arrow. The arrow hits the ogre.
The ogre is moderately wounded.
You shoot an arrow. The arrow barely misses the ogre.
The ogre barely misses you.
You shoot an arrow. The arrow hits the ogre!
The ogre is heavily wounded.
The ogre completely misses you.
You shoot an arrow.
The arrow hits the ogre but does no damage.
The ogre is heavily wounded.
The ogre hits you with a +0 giant club!
You shoot an arrow. The arrow hits the ogre!
The ogre is severely wounded.
The ogre barely misses you.
You shoot an arrow. The arrow closely misses the ogre.
You shoot an arrow.
The arrow hits the ogre but does no damage.
The ogre is severely wounded.
The ogre hits you with a +0 giant club!!
Ouch! That really hurt!
* * * LOW HITPOINT WARNING * * *
You shoot an arrow.
The arrow hits the ogre but does no damage.
The ogre is severely wounded.
The ogre hits you with a +0 giant club!!
You die...

.. ...##.....##....... #
#.#.#...........#.#.# ..
#...#.#.#...#.#.#...#.#.
........#.#.#...........
.....##.......##.)...##.
.........#.............
.###.#....#....#.###.#..
......O...#.............
.....##@......##.....##.
........#.#.#...........
#...#.#.#...#.#.#...#.#.
#. #...........#.#.#...
..##.....##.......##
...............#.....
#....#.###.#....#....#
#...............# ....
..##.....##.......#


You could see an ogre.

Vanquished Creatures
  An ogre (D:4)
  Jessica (D:2)
  An orc wizard (D:4)
  6 adders (D:2)
  2 worms (D:2)
  3 dart slugs
  An orc (D:4)
  8 endoplasms
  2 giant cockroaches
  12 goblins
  9 hobgoblins
  4 quokkas
  11 ball pythons
  5 bats
  A frilled lizard (D:1)
  8 kobolds
  13 rats
88 creatures vanquished.

Vanquished Creatures (others)
  An orc wizard (D:4)
1 creature vanquished.

Grand Total: 89 creatures vanquished

Notes
Turn   | Place    | Note
-------+----------+-------------------------------------------
     0 | D:1      | Irreverend the Minotaur Hunter began the quest for the Orb.
     0 | D:1      | Reached XP level 1. HP: 18/18 MP: 0/0
   124 | D:1      | Reached XP level 2. HP: 20/25 MP: 1/1
   222 | D:1      | Reached skill level 1 in Armour
   489 | D:1      | Reached XP level 3. HP: 26/30 MP: 2/2
   963 | D:2      | Noticed Jessica
   969 | D:2      | Killed Jessica
   970 | D:2      | Reached skill level 5 in Ranged Weapons
  1028 | D:2      | Reached XP level 4. HP: 38/38 MP: 3/3
  1054 | D:2      | Found a runed translucent door.
  1055 | D:2      | Noticed Crazy Yiuf
  1799 | D:2      | Reached XP level 5. HP: 30/45 MP: 4/4
  2285 | D:3      | Found a shimmering blue altar of Sif Muna.
  2870 | D:4      | Noticed an ogre
  2879 | D:4      | Killed an ogre
  2880 | D:4      | Reached skill level 6 in Ranged Weapons
  2880 | D:4      | Reached XP level 6. HP: 10/52 MP: 5/5
  3057 | D:4      | Demolished by an ogre

Illustrated notes

Levels and vault maps discovered:
D:1:      roderic_crop_circles_arrival_small, layout_loops_ring
D:2:      minmay_thinvault, layout_loops_ring, minmay_tall_x, uniq_jessica,
          uniq_crazy_yiuf_cottage
D:3:      layout_rooms, tgw_sif, serial_bayou_pond_a, minmay_liquid_box
D:4:      nicolae_cairo_tiling_large_dashed, layout_basic, serial_shops,
          nicolae_shop_tiny_statue_garden, kennysheep_small_square,
          uniq_menkaure

Skill      XL: |  1  2  3  4  5 |
---------------+----------------+-----
Armour         | 1 2 3 |  3.0
Fighting       | 3 4 |  4.1
Ranged Weapons | 5 6 |  6.2
Dodging        | 3 |  3.7
Stealth        | |  0.7

Action                     |  1- 3 |  4- 6 || total
---------------------------+-------+-------++-------
   Fire: Shortbow          |   115 |   155 ||   270
    Use: Potion            |       |     1 ||     1
 Armour: Leather armour    |    14 |    16 ||    30
  Dodge: Dodged            |    37 |    33 ||    70
         Repelled          |       |     1 ||     1
